 Dungeon Crawl Stone Soup version 0.23-a0-619-g281719c (webtiles) character file.

32 zishaf the Gusty (level 2, -2/20 HPs)
             Began as a Demigod Air Elementalist on Dec 23, 2018.
             Slain by a scorpion (7 damage)
             ... on level 2 of the Dungeon.
             The game lasted 00:02:28 (1560 turns).

zishaf the Gusty (Demigod Air Elementalist)         Turns: 1560, Time: 00:02:29

Health: -2/20      AC:  5    Str: 11    XL:     2   Next: 96%
Magic:  0/7        EV: 11    Int: 19    God:
Gold:   62         SH:  0    Dex: 16    Spells: 4/5 levels left

rFire    . . .     SeeInvis .   (no weapon)
rCold    . . .     Gourm    .   (no shield)
rNeg     . . .     Faith    .   g - +0 ring mail
rPois    .         Spirit   .   (no helmet)
rElec    .         Reflect  .   (no cloak)
rCorr    .         Harm     .   (no gloves)
MR       .....                  (no boots)
Stlth    +.........             (no amulet)
HPRegen  0.06/turn              d - ring of wizardry
MPRegen  0.10/turn              (no ring)

@: lethally poisoned (-2 -> -7)
A: high mp 1
a: no special abilities


You were on level 2 of the Dungeon.
You were not hungry.

You visited 1 branch of the dungeon, and saw 2 of its levels.

You collected 62 gold pieces.

Inventory:

Armour
 a - a +0 robe
 g - a +0 ring mail (worn)
 j - a +0 scale mail
Jewellery
 d - a ring of wizardry (left hand)
Scrolls
 b - 4 scrolls of remove curse {unknown}
 f - 2 scrolls of identify {unknown}
 h - 3 scrolls of teleportation {unknown}
 i - a scroll of immolation {unknown}
 l - 5 scrolls of magic mapping {unknown}
Potions
 e - a potion of curing {unknown}
Comestibles
 c - 2 rations
 k - 6 chunks of flesh


   Skills:
 + Level 2.2 Dodging
 - Level 2.0 Stealth
 - Level 2.0 Spellcasting
 + Level 1.5 Conjurations
 + Level 3.0 Air Magic


You had 4 spell levels left.
You knew the following spells:

 Your Spells              Type           Power        Failure   Level  Hunger
a - Shock                 Conj/Air       ##..         6%          1    #......

Your spell library contained the following spells:

 Spells                   Type           Power        Failure   Level  Hunger
 Swiftness                Chrm/Air       #.......     13%         2    ###....
 Static Discharge         Conj/Air       ##......     19%         3    ###....
 Airstrike                Air            ##........   41%         4    #####..
 Lightning Bolt           Conj/Air       ##........   85%         5    ######.


Dungeon Overview and Level Annotations

Branches:
Dungeon (2/15)


Innate Abilities, Weirdness & Mutations

You have an increased reservoir of magic. (+10% MP)


Message History

The scorpion is severely wounded.
You feel sick.
The scorpion stings you but does no damage.
You feel sick.
There is an open door here.
You feel sick.
* * * LOW HITPOINT WARNING * * *
You feel sick.
* * * LOW HITPOINT WARNING * * *
You feel sick.
You see here a kobold corpse.
Casting: Shock (safe; 6% risk of failure)
Confirm with . or Enter, or press ? or * to list all spells.
Aiming: Shock (safe; 6% risk of failure)
Press: ? - help, Shift-Dir - straight line, f/p - scorpion
Aim: a scorpion (severely wounded)
The zap hits the scorpion.
The scorpion is severely wounded.
The scorpion stings you!
You die...

####..#....#.#.#...# ######
####..#.#+##.#.#...#########.....
......)....................'..)..
##..###.#.##.#.###.#########.....
........#....#'###.# ############
##..########.(.....###...........
#.........'...........########).
#+#########.......##..# #..
#.....'...s@..##..# #..
#.#####.รท.....##..# #..
+.........###.##..# #..
#.#######.# #.....# #.. #'# #.#
#..#.## ### ... #.# #....# .....
#.# #.#### .?....# #.# #.#
##.....# #.# #.#


You could see a scorpion.

Vanquished Creatures
  3 leopard geckos
  2 giant cockroaches
  3 goblins (D:2)
  5 hobgoblins
  2 jackals (D:1)
  3 bats (D:1)
  4 frilled lizards
  3 kobolds
  4 rats
29 creatures vanquished.

Vanquished Creatures (others)
  5 toadstools (D:2)
5 creatures vanquished.

Grand Total: 34 creatures vanquished

Notes
Turn   | Place    | Note
-------+----------+-------------------------------------------
     0 | D:1      | zishaf the Demigod Air Elementalist began the quest for the
                  | Orb.
     0 | D:1      | Reached XP level 1. HP: 14/14 MP: 5/5
    24 | D:1      | Reached skill level 1 in Conjurations
   567 | D:1      | Reached XP level 2. HP: 10/20 MP: 5/7
  1280 | D:2      | Reached skill level 3 in Air Magic
  1539 | D:2      | Noticed a scorpion
  1560 | D:2      | Slain by a scorpion

Vault maps used:
D:1:      scummos_arrival_hexagon
D:2:      first_ration, minmay_gold_behind_fungi

Skill      XL: |  1  2 |
---------------+-------+-----
Conjurations   | 1 |  1.5
Stealth        | 2 |  2.0
Dodging        | 2 |  2.2
Spellcasting   | 2 |  2.0
Air Magic      | 3 |  3.0

Action                   || total
-------------------------++-------
Melee: Unarmed           ||    43
 Cast: Shock             ||    65
 Stab: Sleeping          ||     1
  Eat: Chunk             ||     3
Armor: Robe              ||     8
       Ring mail         ||     9
Dodge: Dodged            ||    34

Table legend:
 A = Non-vault XP
 B = Vault XP
 C = Vault XP percentage of total XP
 D = Non-vault monster count
 E = Vault monster count
 F = Vault count percentage of total count
                 A         B        C        D         E       F
            +---------+---------+-------+---------+---------+-------
      Total |      47 |       0 |   0.0 |      29 |       0 |   0.0
            +---------+---------+-------+---------+---------+-------
        D:1 |      27 |       0 |   0.0 |      17 |       0 |   0.0
        D:2 |      20 |       0 |   0.0 |      12 |       0 |   0.0
            +---------+---------+-------+---------+---------+-------
